MLB
SEATTLE MARINERS @ HOUSTON ASTROS
09/08/2019
 
TOP OF THE 1ST
Seattle Mariners batting - Pitching for Houston Astros : RHP Adonis Medina
Pitching: RHP Adonis Medina
Batting: LHB Ben Revere 0-0: Foul Ball, location: 2F
0-1: Ground out 4-3 (Groundball, 4, EV 90.0 MPH)
Batting: LHB Brandon Nimmo 0-0: Called Strike
0-1: Swinging Strike
0-2: Ball
1-2: Foul Ball, location: 2F
1-2: Foul Ball, location: 2F
1-2: Ball
2-2: Ball
3-2: Foul Ball, location: 2F
3-2: Foul Ball, location: 2F
3-2: Foul Ball, location: 2F
3-2: Foul Ball, location: 2F
3-2: Base on Balls
Batting: RHB Manny Machado 0-0: Swinging Strike
0-1: Ball
1-1: Swinging Strike
1-2: DOUBLE (Line Drive, 7LS, EV 107.5 MPH)
Brandon Nimmo to third
Batting: RHB Brian Dozier 0-0: Ball
1-0: Fly out, F7 (Flyball, 78D, EV 95.0 MPH)
Runner from 3rd tags up, SCORES, throw by LF
Manny Machado to third
Batting: RHB Willians Astudillo 0-0: Ball
1-0: Called Strike
1-1: Ball
2-1: SINGLE (Line Drive, 4D, EV 96.9 MPH)
Manny Machado scores
Batting: RHB Matt Kemp Pickoff Throw to First - Out! 1-3
Top of the 1st over - 2 runs, 2 hits, 0 errors, 0 left on base; Seattle 2 - Houston 0
BOTTOM OF THE 1ST
Houston Astros batting - Pitching for Seattle Mariners : LHP Clayton Kershaw
Pitching: LHP Clayton Kershaw
Batting: SHB Jorge Polanco 0-0: Ball
1-0: Swinging Strike
1-1: Ball
2-1: Bunt for hit to 5S - play at first, batter OUT! 5-3
Batting: SHB Ben Zobrist 0-0: Called Strike
0-1: Ball
1-1: Fly out, F8 (Flyball, 8RD, EV 106.3 MPH)
Batting: RHB Trey Mancini 0-0: Foul Ball, location: 2F
0-1: Ball
1-1: Ball
2-1: Swinging Strike
2-2: Strikes out swinging
Bottom of the 1st over - 0 runs, 0 hits, 0 errors, 0 left on base; Seattle 2 - Houston 0
TOP OF THE 2ND
Seattle Mariners batting - Pitching for Houston Astros : RHP Adonis Medina
Batting: RHB Matt Kemp 0-0: SINGLE (Line Drive, 7LM, EV 98.8 MPH)
Batting: LHB Rowdy Tellez 0-0: Ball
1-0: DOUBLE (Flyball, 8RXD, EV 103.1 MPH)
Matt Kemp to third
Batting: SHB Anthony Santander 0-0: Hit by Pitch
Batting: LHB Eric Sogard 0-0: Foul Ball, location: 2F
0-1: Ball
1-1: Swinging Strike
1-2: Strikes out swinging
Batting: LHB Ben Revere 0-0: Grounds into double play, 4-6-3 (Groundball, 4, EV 98.8 MPH)
Top of the 2nd over - 0 runs, 2 hits, 0 errors, 2 left on base; Seattle 2 - Houston 0
BOTTOM OF THE 2ND
Houston Astros batting - Pitching for Seattle Mariners : LHP Clayton Kershaw
Batting: RHB Edwin Encarnacion 0-0: Ball
1-0: Swinging Strike
1-1: Ball
2-1: Swinging Strike
2-2: Foul Ball, location: 2F
2-2: Foul Ball, location: 2F
2-2: Strikes out swinging
Batting: LHB Rougned Odor 0-0: Called Strike
0-1: SOLO HOME RUN (Flyball, 9D, EV 87.5 MPH), Distance : 378 ft
Batting: RHB Jorge Bonifacio 0-0: Ball
1-0: Ball
2-0: Foul Ball, location: 2F
2-1: Foul Ball, location: 2F
2-2: DOUBLE (Line Drive, 7LM, EV 108.1 MPH)
Batting: LHB Colin Moran 0-0: Called Strike
0-1: Swinging Strike
0-2: Foul Ball, location: 2F
0-2: Foul Ball, location: 2F
0-2: Foul Ball, location: 2F
0-2: Ball
1-2: Strikes out swinging
Batting: LHB Jason Heyward 0-0: Called Strike
0-1: Swinging Strike
0-2: Ball
1-2: Fly out, F7 (Flyball, 7LSF, EV 78.8 MPH)
Bottom of the 2nd over - 1 run, 2 hits, 0 errors, 1 left on base; Seattle 2 - Houston 1
TOP OF THE 3RD
Seattle Mariners batting - Pitching for Houston Astros : RHP Adonis Medina
Batting: LHB Brandon Nimmo 0-0: Ball
1-0: Ball
2-0: Ball
3-0: Base on Balls
Batting: RHB Manny Machado 0-0: Ball
1-0: Ball
2-0: Ball
3-0: Base on Balls
Brandon Nimmo to second
Batting: RHB Brian Dozier 0-0: Called Strike
0-1: Ball
1-1: Foul Ball, location: 2F
1-2: Ball
2-2: Fly out, F8 (Flyball, 8LM, EV 84.4 MPH)
Batting: RHB Willians Astudillo 0-0: Called Strike
0-1: SINGLE (Groundball, 56D, EV 103.8 MPH)
Brandon Nimmo to third
Manny Machado to second
Batting: RHB Matt Kemp 0-0: Ball
1-0: Ball
2-0: Swinging Strike
2-1: Fly out, F5 (Popup, 5S, EV 89.4 MPH)
Batting: LHB Rowdy Tellez 0-0: Ball
1-0: Swinging Strike
1-1: Ball
2-1: Ball
3-1: Ground out 4-3 (Groundball, 4, EV 106.9 MPH)
Top of the 3rd over - 0 runs, 1 hit, 0 errors, 3 left on base; Seattle 2 - Houston 1
BOTTOM OF THE 3RD
Houston Astros batting - Pitching for Seattle Mariners : LHP Clayton Kershaw
Batting: SHB Tucker Barnhart 0-0: Called Strike
0-1: Ball
1-1: Swinging Strike
1-2: Ground out 1-3 (Groundball, 34S, EV 81.3 MPH)
Batting: SHB Jorge Polanco 0-0: Called Strike
0-1: Ball
1-1: DOUBLE (Line Drive, 78XD, EV 108.1 MPH)
Batting: SHB Ben Zobrist 0-0: Foul Ball, location: 2F
0-1: Foul Ball, location: 2F
0-2: 2-RUN HOME RUN (Flyball, 7D, EV 105.6 MPH), Distance : 377 ft
Batting: RHB Trey Mancini 0-0: Foul Ball, location: 2F
0-1: Ball
1-1: Called Strike
1-2: Ball
2-2: Ball
3-2: Strikes out swinging
Batting: RHB Edwin Encarnacion 0-0: Called Strike
0-1: Called Strike
0-2: Strikes out swinging
Bottom of the 3rd over - 2 runs, 2 hits, 0 errors, 0 left on base; Seattle 2 - Houston 3
TOP OF THE 4TH
Seattle Mariners batting - Pitching for Houston Astros : RHP Adonis Medina
Batting: SHB Anthony Santander 0-0: Swinging Strike
0-1: Swinging Strike
0-2: Strikes out swinging
Batting: LHB Eric Sogard 0-0: Ball
1-0: Ball
2-0: Ground out 1-3 (Groundball, 34S, EV 70.0 MPH)
Batting: LHB Ben Revere 0-0: Ball
1-0: Foul Ball, location: 2F
1-1: Swinging Strike
1-2: Ball
2-2: DOUBLE (Line Drive, 8RXD, EV 105.0 MPH)
Batting: LHB Brandon Nimmo 0-0: Ball
1-0: Swinging Strike
1-1: Ball
2-1: Ball
3-1: Base on Balls
Batting: RHB Manny Machado 0-0: Fly out, F6 (Popup, P, EV 91.3 MPH)
Top of the 4th over - 0 runs, 1 hit, 0 errors, 2 left on base; Seattle 2 - Houston 3
BOTTOM OF THE 4TH
Houston Astros batting - Pitching for Seattle Mariners : LHP Clayton Kershaw
Batting: LHB Rougned Odor 0-0: Called Strike
0-1: Ground out 1-3 (Groundball, P, EV 84.4 MPH)
Batting: RHB Jorge Bonifacio 0-0: Ball
1-0: Ball
2-0: Called Strike
2-1: Ball
3-1: Fly out, F5 (Popup, 5F, EV 73.8 MPH)
Batting: LHB Colin Moran 0-0: Ball
1-0: Fly out, F3 (Popup, 3SF, EV 66.9 MPH)
Bottom of the 4th over - 0 runs, 0 hits, 0 errors, 0 left on base; Seattle 2 - Houston 3
TOP OF THE 5TH
Seattle Mariners batting - Pitching for Houston Astros : RHP Adonis Medina
Batting: RHB Brian Dozier 0-0: Ball
1-0: Called Strike
1-1: Foul Ball, location: 2F
1-2: Ball
2-2: Ball
3-2: Strikes out swinging
Batting: RHB Willians Astudillo 0-0: SINGLE (Groundball, 56D, EV 102.5 MPH)
Batting: RHB Matt Kemp 0-0: Foul Ball, location: 2F
0-1: Ball
1-1: Swinging Strike
1-2: Ball
2-2: Strikes out swinging
Batting: LHB Rowdy Tellez 0-0: Ball
1-0: Foul Ball, location: 2F
1-1: SINGLE (Groundball, 4S, EV 66.9 MPH) (infield hit)
Willians Astudillo to second
Batting: SHB Anthony Santander 0-0: Ball
1-0: Fly out, F4 (Popup, 4D, EV 58.1 MPH)
Top of the 5th over - 0 runs, 2 hits, 0 errors, 2 left on base; Seattle 2 - Houston 3
BOTTOM OF THE 5TH
Houston Astros batting - Pitching for Seattle Mariners : LHP Clayton Kershaw
Batting: LHB Jason Heyward 0-0: Ground out 1-3 (Groundball, 34S, EV 93.8 MPH)
Batting: SHB Tucker Barnhart 0-0: Ground out 5-3 (Groundball, 56, EV 105.6 MPH)
Batting: SHB Jorge Polanco 0-0: Ball
1-0: Foul Ball, location: 2F
1-1: Ground out 5-3 (Groundball, 56, EV 77.5 MPH)
Bottom of the 5th over - 0 runs, 0 hits, 0 errors, 0 left on base; Seattle 2 - Houston 3
TOP OF THE 6TH
Seattle Mariners batting - Pitching for Houston Astros : RHP Adonis Medina
Pitching: RHP Stephen Villines
Batting: LHB Eric Sogard 0-0: Ball
1-0: Ball
2-0: Called Strike
2-1: Ground out 5-3 (Groundball, 5, EV 84.4 MPH)
Batting: LHB Ben Revere 0-0: Bunt for hit to 3S - play at first, batter safe!
Batting: LHB Brandon Nimmo 0-0: Called Strike
0-1: Ball
1-1: Swinging Strike
1-2: Foul Ball, location: 2F
1-2: Foul Ball, location: 2F
1-2: Strikes out swinging
Batting: RHB Manny Machado 0-0: Ball
1-0: Foul Ball, location: 2F
1-1: Ball
2-1: Fly out, F7 (Flyball, 7, EV 95.6 MPH)
Top of the 6th over - 0 runs, 1 hit, 0 errors, 1 left on base; Seattle 2 - Houston 3
BOTTOM OF THE 6TH
Houston Astros batting - Pitching for Seattle Mariners : LHP Clayton Kershaw
Batting: SHB Ben Zobrist 0-0: Ball
1-0: Ball
2-0: Called Strike
2-1: Foul Ball, location: 2F
2-2: Strikes out swinging
Batting: RHB Trey Mancini 0-0: Called Strike
0-1: Ball
1-1: Ball
2-1: Foul Ball, location: 2F
2-2: Ball
3-2: Strikes out swinging
Batting: RHB Edwin Encarnacion 0-0: Called Strike
0-1: Ball
1-1: Ground out 5-3 (Groundball, 56S, EV 88.8 MPH)
Bottom of the 6th over - 0 runs, 0 hits, 0 errors, 0 left on base; Seattle 2 - Houston 3
TOP OF THE 7TH
Seattle Mariners batting - Pitching for Houston Astros : RHP Stephen Villines
Batting: RHB Brian Dozier 0-0: Fly out, F8 (Flyball, 8RM, EV 73.8 MPH)
Batting: RHB Willians Astudillo 0-0: Ball
1-0: Called Strike
1-1: SOLO HOME RUN (Flyball, 7D, EV 106.9 MPH), Distance : 373 ft
Batting: RHB Matt Kemp 0-0: Ball
1-0: Called Strike
1-1: Ball
2-1: Ground out 5-3 (Groundball, 56, EV 77.5 MPH)
Batting: LHB Rowdy Tellez 0-0: SINGLE (Line Drive, 89M, EV 103.1 MPH)
Batting: SHB Anthony Santander 0-0: Ball
1-0: Ball
2-0: Ball
3-0: Called Strike
3-1: Base on Balls
Rowdy Tellez to second
Batting: LHB Eric Sogard 0-0: Ball
1-0: Called Strike
1-1: Foul Ball, location: 2F
1-2: Fielders Choice at 2nd, 5-4 (Groundball, 5L, EV 91.3 MPH)
Top of the 7th over - 1 run, 2 hits, 0 errors, 2 left on base; Seattle 3 - Houston 3
BOTTOM OF THE 7TH
Houston Astros batting - Pitching for Seattle Mariners : LHP Clayton Kershaw
Batting: LHB Rougned Odor 0-0: Foul Ball, location: 2F
0-1: SOLO HOME RUN (Flyball, 89XD, EV 97.5 MPH), Distance : 417 ft
Batting: RHB Jorge Bonifacio 0-0: Ball
1-0: Ground out 5-3 (Groundball, 5D, EV 107.5 MPH)
Batting: LHB Colin Moran 0-0: Ball
1-0: Ball
2-0: Swinging Strike
2-1: Ball
3-1: DOUBLE (Flyball, 78D, EV 93.1 MPH)
Batting: LHB Jason Heyward 0-0: Ball
1-0: Called Strike
1-1: Ground out 4-3 (Groundball, 34, EV 82.5 MPH)
Colin Moran to third
Batting: SHB Tucker Barnhart 0-0: Ball
1-0: Foul Ball, location: 2F
1-1: Foul Ball, location: 2F
1-2: Ball
2-2: Foul Ball, location: 2F
2-2: Foul Ball, location: 2F
2-2: Foul Ball, location: 2F
2-2: Fly out, F8 (Line Drive, 8RM, EV 91.3 MPH)
Bottom of the 7th over - 1 run, 2 hits, 0 errors, 1 left on base; Seattle 3 - Houston 4
TOP OF THE 8TH
Seattle Mariners batting - Pitching for Houston Astros : RHP Stephen Villines
Pitching: RHP Alex Colome
Batting: LHB Ben Revere 0-0: Foul Ball, location: 2F
0-1: Swinging Strike
0-2: Strikes out swinging
Batting: LHB Brandon Nimmo 0-0: Called Strike
0-1: Ball
1-1: Ball
2-1: Ball
3-1: Swinging Strike
3-2: Foul Ball, location: 2F
3-2: Foul Ball, location: 2F
3-2: Base on Balls
Batting: RHB Manny Machado 0-0: Ball
1-0: Ball
2-0: Grounds into double play, 5-4-3 (Groundball, 5L, EV 102.5 MPH)
Top of the 8th over - 0 runs, 0 hits, 0 errors, 0 left on base; Seattle 3 - Houston 4
BOTTOM OF THE 8TH
Houston Astros batting - Pitching for Seattle Mariners : LHP Clayton Kershaw
Batting: SHB Jorge Polanco 0-0: Called Strike
0-1: Foul Ball, location: 2F
0-2: Ground out 6-3 (Groundball, 6, EV 92.5 MPH)
Batting: SHB Ben Zobrist 0-0: Swinging Strike
0-1: Ground out 5-3 (Groundball, 5L, EV 83.1 MPH)
Batting: RHB Trey Mancini 0-0: Called Strike
0-1: Called Strike
0-2: Ball
1-2: Foul Ball, location: 2F
1-2: DOUBLE (Groundball, 5L, EV 107.5 MPH)
Batting: RHB Edwin Encarnacion 0-0: Intentional Walk
Pitching: RHP Arquimedes Caminero
Pinch Runner at 2nd Bradley Zimmer:
Batting: LHB Rougned Odor 0-0: Called Strike
0-1: Called Strike
0-2: Foul Ball, location: 2F
0-2: Ball
1-2: Ball
2-2: Ground out 2-3 (Groundball, 15S, EV 63.1 MPH)
Bottom of the 8th over - 0 runs, 1 hit, 0 errors, 2 left on base; Seattle 3 - Houston 4
TOP OF THE 9TH
Seattle Mariners batting - Pitching for Houston Astros : RHP Alex Colome
Pitching: LHP James Pazos
Now in LF: Dominic Smith
Batting: RHB Brian Dozier 0-0: Called Strike
0-1: Swinging Strike
0-2: Ball
1-2: Strikes out swinging
Batting: RHB Willians Astudillo 0-0: Ball
1-0: Ball
2-0: Foul Ball, location: 2F
2-1: Ball
3-1: SOLO HOME RUN (Flyball, 7D, EV 94.4 MPH), Distance : 413 ft
Batting: RHB Matt Kemp 0-0: Ball
1-0: Swinging Strike
1-1: Swinging Strike
1-2: Strikes out swinging
Batting: LHB Rowdy Tellez 0-0: Ball
1-0: Ground out 2-3 (Groundball, 13S, EV 66.3 MPH)
Top of the 9th over - 1 run, 1 hit, 0 errors, 0 left on base; Seattle 4 - Houston 4
BOTTOM OF THE 9TH
Houston Astros batting - Pitching for Seattle Mariners : RHP Arquimedes Caminero
Pitching: LHP Brad Hand
Batting: RHB Jorge Bonifacio 0-0: Ball
1-0: Swinging Strike
1-1: Called Strike
1-2: Ball
2-2: Ball
3-2: Base on Balls
Batting: LHB Colin Moran 0-0: Called Strike
0-1: Called Strike
0-2: Foul Ball, location: 2F
0-2: Strikes out looking
Pinch Hitting: RHB Brian W. Anderson 0-0: Ball
1-0: Ball
2-0: Fly out, F9 (Flyball, 89M, EV 88.1 MPH)
Batting: SHB Tucker Barnhart 0-0: Ball
1-0: Ball
2-0: Swinging Strike
2-1: Foul Ball, location: 2F
2-2: Foul Ball, location: 2F
2-2: Ball
3-2: Strikes out looking
Bottom of the 9th over - 0 runs, 0 hits, 0 errors, 1 left on base; Seattle 4 - Houston 4
TOP OF THE 10TH
Seattle Mariners batting - Pitching for Houston Astros : LHP James Pazos
Now in CF: Parker Meadows
Batting: SHB Anthony Santander 0-0: Foul Ball, location: 2F
0-1: Called Strike
0-2: Ball
1-2: Fly out, F8 (Flyball, 89M, EV 87.5 MPH)
Pinch Hitting: RHB Ian Kinsler 0-0: Called Strike
0-1: Called Strike
0-2: Ball
1-2: Ball
2-2: Ball
3-2: Foul Ball, location: 2F
3-2: Base on Balls
Pitching: RHP Justin Lawrence
Batting: LHB Ben Revere 0-0: Ball
Ian Kinsler is caught stealing 2nd base 2-6
1-0: Called Strike
1-1: Ball
2-1: Called Strike
2-2: Strikes out swinging
Top of the 10th over - 0 runs, 0 hits, 0 errors, 0 left on base; Seattle 4 - Houston 4
BOTTOM OF THE 10TH
Houston Astros batting - Pitching for Seattle Mariners : LHP Brad Hand
Now at SS: Jordy Mercer
Batting: SHB Jorge Polanco 0-0: Called Strike
0-1: Foul Ball, location: 2F
0-2: Ball
1-2: Foul Ball, location: 2F
1-2: Ball
2-2: Ball
3-2: Base on Balls
Pitching: RHP Alex Wilson
Batting: SHB Ben Zobrist 0-0: 2-RUN HOME RUN (Flyball, 9D, EV 98.8 MPH), Distance : 394 ft
Friday, December 13th, 2019 - OOTP Baseball 20.8 Build 73